Penguins vs Hurricanes

Created - Friday, March 27, 2015 at 01:58

Goals
1 2 3 T
Penguins 0 2 1 3
Hurricanes 0 1 0 1
Shots
1 2 3 T
Penguins 6 13 16 35
Hurricanes 17 10 9 36

1st period

No Goal

Penalties :
Aaron Ness (Car) for Goalie Interference (Minor) at 16:35

2nd period

1. Penguins , Grant Clitsome 10 (Dougie Hamilton, Nathan MacKinnon) at 0:22
2. Penguins , David Legwand 17 (Mark Giordano, Nathan MacKinnon) at 17:59
3. Hurricanes , Thomas Hickey 13 (Adam Henrique, Marty Havlat) at 18:51

Penalties :
Grant Clitsome (Pit) for Hooking (Minor) at 10:13

3rd period

4. Penguins , Nail Yakupov 10 (Paul Gaustad, Chris Kelly) at 7:35

Penalties :
Mark Fraser (Pit) for Delaying the game (Minor) at 2:13

Goalie Stats

Mike Smith (Pit), 35 saves from 36 shots - (0.972), W, 33-19-9, 60:00 minutes
Martin Jones (Car), 26 saves from 29 shots - (0.897), L, 4-11-0, 49:18 minutes
Brian Elliott (Car), 6 saves from 6 shots - (1.000), 10:42 minutes

Players Stats for Penguins

Player Name              G  A  P  +/- PIM S  H  SB GA TA FO     MP     PP MP  PK MP  
------------------------------------------------------------------------------------
Anton Volchenkov         0  0  0   0  0   4  1  0  0  4  0/0    22:35   0:00   1:53 
Chris Butler             0  0  0   1  0   5  0  1  0  4  0/0    17:43   0:26   1:53 
Chris Kelly              0  1  1   1  0   0  0  1  0  0  0/1    15:01   0:00   0:57 
Chris Stewart            0  0  0   1  0   0  0  0  1  0  0/2    15:49   0:00   0:00 
David Legwand            1  0  1   1  0   5  1  0  1  1  10/18  17:03   1:10   0:00 
Dougie Hamilton          0  1  1   1  0   1  1  0  0  0  0/0    20:14   1:08   1:18 
Grant Clitsome           1  0  1   1  2   4  2  4  0  1  0/0    19:04   1:33   0:00 
Jarome Iginla            0  0  0   0  0   1  1  0  1  0  0/1    17:22   0:49   3:01 
Luke Glendening          0  0  0   0  0   1  0  0  1  1  0/0    10:33   0:00   0:00 
Marcus Foligno           0  0  0   0  0   1  2  0  0  0  0/0    10:33   0:00   0:00 
Mark Fraser              0  0  0   1  2   0  1  0  1  0  0/0    16:42   0:00   0:47 
Mark Giordano            0  1  1   0  0   3  3  2  1  2  0/0    24:10   0:51   2:05 
Mikael Granlund          0  0  0   0  0   3  0  1  0  0  5/8    14:21   0:49   0:00 
Nail Yakupov             1  0  1   1  0   3  0  0  3  0  0/1    13:32   0:00   0:00 
Nate Thompson            0  0  0   0  0   0  1  0  0  0  4/7    10:59   0:00   0:26 
Nathan MacKinnon         0  2  2   1  0   1  2  1  2  0  0/1    18:39   1:10   0:55 
Paul Gaustad             0  1  1   1  0   3  2  0  0  0  3/6    16:49   0:49   2:37 
Vladimir Tarasenko       0  0  0   0  0   0  1  0  1  2  0/0    14:46   1:10   0:00 

Players Stats for Hurricanes

Player Name              G  A  P  +/- PIM S  H  SB GA TA FO     MP     PP MP  PK MP  
------------------------------------------------------------------------------------
Aaron Ness               0  0  0  -1  2   0  0  1  0  0  0/0    16:24   0:00   0:00 
Adam Henrique            0  1  1   0  0   2  5  2  0  0  4/7    16:30   2:01   0:00 
Brendan Smith            0  0  0   0  0   1  1  4  0  1  0/0    20:53   1:53   0:00 
Brian Flynn              0  0  0   0  0   1  0  2  0  0  0/0    12:25   0:00   1:01 
Fedor Tyutin             0  0  0   0  0   0  2  5  0  1  0/0    21:31   1:53   0:38 
Francois Beauchemin      0  0  0  -1  0   3  6  1  0  1  0/0    22:13   2:05   1:21 
Jiri Hudler              0  0  0  -1  0   3  0  1  4  1  0/0    16:40   1:57   0:00 
Marian Gaborik           0  0  0   0  0   6  2  0  5  1  0/1    16:30   2:01   0:00 
Mark Arcobello           0  0  0  -1  0   1  0  0  0  1  7/14   14:24   0:00   0:58 
Marty Havlat             0  1  1   0  0   0  0  1  1  0  0/1    16:30   2:01   0:00 
Mason Raymond            0  0  0  -1  0   2  0  0  2  0  0/1    14:24   0:00   0:58 
Mike Fisher              0  0  0  -1  0   4  1  0  2  0  9/15   16:40   1:57   0:00 
Radim Vrbata             0  0  0  -1  0   1  0  0  4  0  0/0    16:40   1:57   0:00 
Ray Whitney              0  0  0  -1  0   5  1  1  3  0  0/0    13:26   0:00   0:00 
Robyn Regehr             0  0  0  -1  0   1  1  1  0  0  0/0    17:31   0:00   1:16 
Stephen Gionta           0  0  0   0  0   1  1  2  0  0  3/6    12:25   0:00   1:01 
Thomas Hickey            1  0  1  -1  0   5  2  3  0  0  0/0    21:35   2:05   0:43 
Viktor Stalberg          0  0  0   0  0   0  3  0  1  0  0/0    11:14   0:00   0:00 

3 Stars

1 - Mike Smith (Pit)
2 - Nathan MacKinnon (Pit)
3 - David Legwand (Pit)

Power Play

Penguins - 0 on 1 Attempt(s) - 0.00%
Hurricanes - 0 on 2 Attempt(s) - 0.00%

Penalty Kill

Penguins - 2 on 2 Attempt(s) - 100.00% - Score 0 goal in Penalty Kill
Hurricanes - 1 on 1 Attempt(s) - 100.00% - Score 0 goal in Penalty Kill

Team Stat

Penguins - Hits : 18 - Faceoff Wins : 22 - Blocked Shots : 10 - Penalty Minutes : 4
Hurricanes - Hits : 25 - Faceoff Wins : 23 - Blocked Shots : 24 - Penalty Minutes : 2

Official

Referees : Unknown
Linesman : Unknown

Game Notes

Brian Elliott is injured at 10:42 of 1st period (Sprained Right Knee)
Martin Jones enters game at 10:42 of 1st period

Finance

Level 1 -- Attendance: 5364 (89.40%) -- Ticket Income $455,940
Level 2 -- Attendance: 4987 (99.74%) -- Ticket Income $239,376
Level 3 -- Attendance: 1938 (96.90%) -- Ticket Income $54,264
Level 4 -- Attendance: 3909 (97.73%) -- Ticket Income $50,817
Luxury Box -- Attendance: 856 (85.60%) -- Ticket Income $154,080
Game was played at the RBC Arena'
Total Attendance: 17054 (94.74%)
Total Ticket Income: $954,477
Other Income: $467,694
Total Income: $1,422,171

Penguins

5 vs 5 Forward 
   Center                   Left Wing                Right Wing               Time % Phy DF OF 
 1 David Legwand            Chris Stewart            Nathan MacKinnon         35     0   0  5  
 2 Mikael Granlund          Vladimir Tarasenko       Jarome Iginla            30     0   1  4  
 3 Paul Gaustad             Nail Yakupov             Chris Kelly              22     0   3  2  
 4 Nate Thompson            Marcus Foligno           Luke Glendening          13     2   3  0  

5 vs 5 Defense 
   Defense                  Defense                                           Time % Phy DF OF 
 1 Mark Giordano            Anton Volchenkov                                  40     0   2  3  
 2 Grant Clitsome           Dougie Hamilton                                   35     0   3  2  
 3 Chris Butler             Mark Fraser                                       20     0   4  1  
 4 Mark Giordano            Anton Volchenkov                                  5      0   2  3  

PowerPlay Forward 
   Center                   Left Wing                Right Wing               Time % Phy DF OF 
 1 Mikael Granlund          Paul Gaustad             Jarome Iginla            60     0   0  5  
 2 David Legwand            Vladimir Tarasenko       Nathan MacKinnon         40     0   0  5  

PowerPlay Defense
   Defense                  Defense                                           Time % Phy DF OF 
 1 Mark Giordano            Grant Clitsome                                    60     0   0  5  
 2 Mark Giordano            Chris Butler                                      40     0   1  4  

Penalty Kill 4 Players Forward 
   Center                   Wing                     Time % Phy DF OF 
 1 Paul Gaustad             Jarome Iginla            60     0   5  0  
 2 Nate Thompson            Chris Kelly              40     0   5  0  

Penalty Kill 4 Players Defense
   Defense                  Defense                  Time % Phy DF OF 
 1 Anton Volchenkov         Chris Butler             60     0   5  0  
 2 Mark Fraser              Mark Giordano            40     0   5  0  

Penalty Kill - 3 Players Forward 
   Forward                                           Time % Phy DF OF 
 1 Paul Gaustad                                      60     0   5  0  
 2 Nate Thompson                                     40     0   5  0  

Penalty Kill - 3 Players Defense
   Defense                  Defense                  Time % Phy DF OF 
 1 Anton Volchenkov         Mark Giordano            60     0   5  0  
 2 Chris Butler             Mark Fraser              40     0   5  0  

4 vs 4 Forward 
   Center                   Wing                     Time % Phy DF OF 
 1 Mikael Granlund          Jarome Iginla            60     0   0  5  
 2 David Legwand            Nathan MacKinnon         40     0   1  4  

4 vs 4 Defense
   Defense                  Defense                  Time % Phy DF OF 
 1 Mark Giordano            Grant Clitsome           60     0   1  4  
 2 Chris Butler             Anton Volchenkov         40     0   2  3  

Last Minutes Offensive
   Center                   Left Wing                Right Wing               Defense                  Defense                  
   Mikael Granlund          Chris Stewart            Jarome Iginla            Mark Giordano            Chris Butler             

Last Minutes Defensive
   Center                   Left Wing                Right Wing               Defense                  Defense                  
   Paul Gaustad             Chris Stewart            Jarome Iginla            Mark Giordano            Anton Volchenkov         

Goaltenders
Starting : Mike Smith               
Backup : Alex Stalock             

Extra Forwards
Normal : Nathan MacKinnon, Nail Yakupov, Vladimir Tarasenko - PP : Nathan MacKinnon, Nail Yakupov - PK : Paul Gaustad
Extra Defensemen
Normal : Mark Giordano, Dougie Hamilton, Chris Butler - PP : Dougie Hamilton - PK : Mark Giordano, Dougie Hamilton
Penalty Shots
Paul Gaustad, Jarome Iginla, Nathan MacKinnon, Vladimir Tarasenko, David Legwand

Hurricanes

5 vs 5 Forward 
   Center                   Left Wing                Right Wing               Time % Phy DF OF 
 1 Mike Fisher              Jiri Hudler              Radim Vrbata             28     0   2  3  
 2 Adam Henrique            Marty Havlat             Marian Gaborik           27     0   2  3  
 3 Mark Arcobello           Mason Raymond            Ray Whitney              25     0   2  3  
 4 Stephen Gionta           Viktor Stalberg          Brian Flynn              20     0   2  3  

5 vs 5 Defense 
   Defense                  Defense                                           Time % Phy DF OF 
 1 Francois Beauchemin      Thomas Hickey                                     35     0   2  3  
 2 Fedor Tyutin             Brendan Smith                                     35     0   2  3  
 3 Robyn Regehr             Aaron Ness                                        30     1   2  2  
 4 Francois Beauchemin      Thomas Hickey                                     0      0   2  3  

PowerPlay Forward 
   Center                   Left Wing                Right Wing               Time % Phy DF OF 
 1 Mike Fisher              Jiri Hudler              Radim Vrbata             50     0   1  4  
 2 Adam Henrique            Marty Havlat             Marian Gaborik           50     0   1  4  

PowerPlay Defense
   Defense                  Defense                                           Time % Phy DF OF 
 1 Francois Beauchemin      Thomas Hickey                                     50     0   1  4  
 2 Fedor Tyutin             Brendan Smith                                     50     0   1  4  

Penalty Kill 4 Players Forward 
   Center                   Wing                     Time % Phy DF OF 
 1 Stephen Gionta           Brian Flynn              50     0   4  1  
 2 Mark Arcobello           Mason Raymond            50     0   4  1  

Penalty Kill 4 Players Defense
   Defense                  Defense                  Time % Phy DF OF 
 1 Robyn Regehr             Aaron Ness               50     1   4  0  
 2 Francois Beauchemin      Thomas Hickey            50     1   4  0  

Penalty Kill - 3 Players Forward 
   Forward                                           Time % Phy DF OF 
 1 Stephen Gionta                                    50     0   5  0  
 2 Mark Arcobello                                    50     0   5  0  

Penalty Kill - 3 Players Defense
   Defense                  Defense                  Time % Phy DF OF 
 1 Robyn Regehr             Aaron Ness               50     1   4  0  
 2 Francois Beauchemin      Thomas Hickey            50     1   4  0  

4 vs 4 Forward 
   Center                   Wing                     Time % Phy DF OF 
 1 Mike Fisher              Radim Vrbata             50     0   2  3  
 2 Adam Henrique            Marian Gaborik           50     0   2  3  

4 vs 4 Defense
   Defense                  Defense                  Time % Phy DF OF 
 1 Francois Beauchemin      Thomas Hickey            50     0   2  3  
 2 Fedor Tyutin             Brendan Smith            50     0   2  3  

Last Minutes Offensive
   Center                   Left Wing                Right Wing               Defense                  Defense                  
   Mike Fisher              Adam Henrique            Radim Vrbata             Francois Beauchemin      Fedor Tyutin             

Last Minutes Defensive
   Center                   Left Wing                Right Wing               Defense                  Defense                  
   Stephen Gionta           Adam Henrique            Brian Flynn              Fedor Tyutin             Francois Beauchemin      

Goaltenders
Starting : Brian Elliott            
Backup : Martin Jones             

Extra Forwards
Normal : Adam Henrique, Radim Vrbata, Marian Gaborik - PP : Marian Gaborik, Radim Vrbata - PK : Stephen Gionta
Extra Defensemen
Normal : Francois Beauchemin, Fedor Tyutin, Thomas Hickey - PP : Francois Beauchemin - PK : Francois Beauchemin, Fedor Tyutin
Penalty Shots
Radim Vrbata, Marian Gaborik, Jiri Hudler, Ray Whitney, Marty Havlat

% Time on Ice - Penguins

Lines # - Real PCT - Wanted PCT - Time Play
Normal Forward
1 - 31% - 35% - 16:31
2 - 25% - 30% - 13:36
3 - 25% - 22% - 13:23
4 - 20% - 13% - 10:33
Normal Defense
1 - 38% - 40% - 20:18
2 - 33% - 35% - 17:52
3 - 29% - 20% - 15:25
4 - 1% - 5% - 0:28
PP Forward
1 - 41% - 60% - 0:49
2 - 59% - 40% - 1:10
PP Defense
1 - 78% - 60% - 1:33
2 - 22% - 40% - 0:26
PK Forward
1 - 89% - 60% - 3:32
2 - 11% - 40% - 0:26
PK Defense
1 - 47% - 60% - 1:53
2 - 53% - 40% - 2:05
PK3 Forward
1 - 0% - 60%
2 - 0% - 40%
PK3 Defense
1 - 0% - 60%
2 - 0% - 40%
44 Forward
1 - 0% - 60%
2 - 0% - 40%
44 Defense
1 - 0% - 60%
2 - 0% - 40%
Last Minute Offensive  - 0:00
Last Minute Defensive  - 0:00
Total
Forward - 60:00
Defense - 60:00

% Time on Ice - Hurricanes

Lines # - Real PCT - Wanted PCT - Time Play
Normal Forward
1 - 28% - 28% - 14:53
2 - 27% - 27% - 14:29
3 - 25% - 25% - 13:27
4 - 21% - 20% - 11:14
Normal Defense
1 - 34% - 35% - 18:33
2 - 36% - 35% - 19:15
3 - 30% - 30% - 16:15
4 - 0% - 0% - 0:00
PP Forward
1 - 49% - 50% - 1:57
2 - 51% - 50% - 2:01
PP Defense
1 - 53% - 50% - 2:05
2 - 47% - 50% - 1:53
PK Forward
1 - 51% - 50% - 1:01
2 - 49% - 50% - 0:58
PK Defense
1 - 64% - 50% - 1:16
2 - 36% - 50% - 0:43
PK3 Forward
1 - 0% - 50%
2 - 0% - 50%
PK3 Defense
1 - 0% - 50%
2 - 0% - 50%
44 Forward
1 - 0% - 50%
2 - 0% - 50%
44 Defense
1 - 0% - 50%
2 - 0% - 50%
Last Minute Offensive  - 0:00
Last Minute Defensive  - 0:00
Total
Forward - 60:00
Defense - 60:00

Play by Play

1st period


0:01 of 1st period - Mike Fisher wins face-off versus David Legwand in neutral zone.
0:06 of 1st period - Wrist shot by Mike Fisher.
0:06 of 1st period - Shot Misses the Net.
0:08 of 1st period - Slapshot by Francois Beauchemin.
0:08 of 1st period - Stopped by Mike Smith with a rebound.
0:10 of 1st period - Wrist shot by Thomas Hickey.
0:10 of 1st period - Stopped by Mike Smith without a rebound.
0:11 of 1st period - Mike Fisher wins face-off versus David Legwand in Penguins zone.
0:18 of 1st period - Slapshot by Radim Vrbata.
0:18 of 1st period - Shot Misses the Net.
0:20 of 1st period - Slapshot by Thomas Hickey.
0:20 of 1st period - Stopped by Mike Smith without a rebound.
0:21 of 1st period - Adam Henrique wins face-off versus Mikael Granlund in Penguins zone.
0:37 of 1st period - Wrist shot by Marian Gaborik.
0:37 of 1st period - Stopped by Mike Smith with a rebound.
0:39 of 1st period - Slapshot by Fedor Tyutin.
0:39 of 1st period - Shot Blocked by Mikael Granlund.
0:51 of 1st period - Wrist shot by Marty Havlat.
0:51 of 1st period - Shot Misses the Net.
1:40 of 1st period - Anton Volchenkov is hit by Ray Whitney and loses puck.
1:53 of 1st period - Wrist shot by David Legwand.
1:53 of 1st period - Stopped by Brian Elliott with a rebound.
3:16 of 1st period - Adam Henrique is hit by Mark Fraser and loses puck.
3:23 of 1st period - Chris Butler is hit by Adam Henrique and loses puck.
3:30 of 1st period - Snap shot by Adam Henrique.
3:30 of 1st period - Stopped by Mike Smith without a rebound.
3:31 of 1st period - Mikael Granlund wins face-off versus Mark Arcobello in Penguins zone.
3:31 of 1st period - Mikael Granlund is hit by Thomas Hickey.
4:30 of 1st period - Snap shot by Nail Yakupov.
4:30 of 1st period - Shot Misses the Net.
4:59 of 1st period - Snap shot by Marian Gaborik.
4:59 of 1st period - Stopped by Mike Smith with a rebound.
5:01 of 1st period - Slapshot by Aaron Ness.
5:01 of 1st period - Shot Blocked by Chris Kelly.
5:09 of 1st period - Snap shot by Marian Gaborik.
5:09 of 1st period - Stopped by Mike Smith with a rebound.
5:11 of 1st period - Slapshot by Marian Gaborik.
5:11 of 1st period - Shot Misses the Net.
5:13 of 1st period - Wrist shot by Adam Henrique.
5:13 of 1st period - Stopped by Mike Smith with a rebound.
6:38 of 1st period - Snap shot by Ray Whitney.
6:38 of 1st period - Stopped by Mike Smith with a rebound.
6:40 of 1st period - Backhand shot by Mason Raymond.
6:40 of 1st period - Stopped by Mike Smith without a rebound.
6:41 of 1st period - David Legwand wins face-off versus Stephen Gionta in Penguins zone.
6:50 of 1st period - Snap shot by Nathan MacKinnon.
6:50 of 1st period - Shot Misses the Net.
6:52 of 1st period - Slapshot by Grant Clitsome.
6:52 of 1st period - Shot Blocked by Stephen Gionta.
7:05 of 1st period - Slapshot by Nathan MacKinnon.
7:05 of 1st period - Shot Hit the Post.
7:07 of 1st period - Slapshot by Dougie Hamilton.
7:07 of 1st period - Shot Blocked by Fedor Tyutin.
7:09 of 1st period - Slapshot by Dougie Hamilton.
7:09 of 1st period - Stopped by Brian Elliott with a rebound.
7:11 of 1st period - Backhand shot by Grant Clitsome.
7:11 of 1st period - Deflect By Brian Flynn.
7:11 of 1st period - Stopped by Brian Elliott with a rebound.
7:33 of 1st period - Snap shot by Jarome Iginla.
7:33 of 1st period - Stopped by Brian Elliott with a rebound.
7:47 of 1st period - Wrist shot by Jarome Iginla.
7:47 of 1st period - Shot Blocked by Brian Flynn.
7:49 of 1st period - Snap shot by Mikael Granlund.
7:49 of 1st period - Shot Blocked by Fedor Tyutin.
8:21 of 1st period - Wrist shot by Mike Fisher.
8:21 of 1st period - Stopped by Mike Smith without a rebound.
8:22 of 1st period - Nate Thompson wins face-off versus Mike Fisher in Penguins zone.
9:34 of 1st period - Wrist shot by Mark Giordano.
9:34 of 1st period - Deflect By David Legwand.
9:34 of 1st period - Shot Misses the Net.
9:34 of 1st period - Puck is out of play.
9:35 of 1st period - Mikael Granlund wins face-off versus Mark Arcobello in Hurricanes zone.
10:36 of 1st period - Snap shot by David Legwand.
10:36 of 1st period - Shot Misses the Net.
10:38 of 1st period - Slapshot by Chris Butler.
10:38 of 1st period - Stopped by Brian Elliott with a rebound.
10:40 of 1st period - Slapshot by Chris Butler.
10:40 of 1st period - Shot Blocked by Fedor Tyutin.
10:42 of 1st period - Wrist shot by David Legwand.
10:42 of 1st period - Stopped by Brian Elliott with a rebound.
10:42 of 1st period - Brian Elliott from Hurricanes is injured at 10:42 of 1st period (Sprained Right Knee).
10:42 of 1st period - Martin Jones enters game.
10:43 of 1st period - Adam Henrique wins face-off versus David Legwand in Hurricanes zone.
11:01 of 1st period - Anton Volchenkov is hit by Francois Beauchemin and loses puck.
11:34 of 1st period - Mike Fisher is hit by Anton Volchenkov and loses puck.
11:53 of 1st period - Grant Clitsome is hit by Thomas Hickey and loses puck.
12:21 of 1st period - Snap shot by Ray Whitney.
12:21 of 1st period - Stopped by Mike Smith with a rebound.
12:23 of 1st period - Slapshot by Mark Arcobello.
12:23 of 1st period - Stopped by Mike Smith with a rebound.
12:25 of 1st period - Backhand shot by Robyn Regehr.
12:25 of 1st period - Shot Blocked by Grant Clitsome.
12:27 of 1st period - Wrist shot by Mark Arcobello.
12:27 of 1st period - Shot Blocked by Grant Clitsome.
12:43 of 1st period - Ray Whitney is hit by Nate Thompson.
12:55 of 1st period - Grant Clitsome is hit by Stephen Gionta and loses puck.
13:04 of 1st period - Brian Flynn is hit by Grant Clitsome and loses puck.
13:37 of 1st period - Mark Fraser is hit by Fedor Tyutin and loses puck.
13:44 of 1st period - Snap shot by Adam Henrique.
13:44 of 1st period - Shot Misses the Net.
13:46 of 1st period - Snap shot by Thomas Hickey.
13:46 of 1st period - Stopped by Mike Smith with a rebound.
13:48 of 1st period - Wrist shot by Adam Henrique.
13:48 of 1st period - Shot Blocked by Nathan MacKinnon.
14:04 of 1st period - Chris Butler is hit by Adam Henrique and loses puck.
15:07 of 1st period - Snap shot by Nate Thompson.
15:07 of 1st period - Shot Misses the Net.
15:57 of 1st period - Slapshot by Stephen Gionta.
15:57 of 1st period - Stopped by Mike Smith with a rebound.
16:35 of 1st period - Minor Penalty to Aaron Ness for Goalie Interference.
16:36 of 1st period - David Legwand wins face-off versus Mason Raymond in Hurricanes zone.
17:52 of 1st period - Off-side.
17:53 of 1st period - Mark Arcobello wins face-off versus Mikael Granlund in neutral zone.
18:30 of 1st period - Fedor Tyutin is hit by Nathan MacKinnon.
18:35 of 1st period - Penalty to Aaron Ness is over, Aaron Ness is back on ice.
18:53 of 1st period - Snap shot by Radim Vrbata.
18:53 of 1st period - Deflect By Nate Thompson.
18:53 of 1st period - Stopped by Mike Smith without a rebound.
18:54 of 1st period - Mike Fisher wins face-off versus Nate Thompson in Penguins zone.
19:11 of 1st period - Wrist shot by Jiri Hudler.
19:11 of 1st period - Stopped by Mike Smith with a rebound.
19:38 of 1st period - Mike Fisher is hit by Jarome Iginla and loses puck.
Goals for this period are 0 for Penguins vs 0 for Hurricanes.
Shots for this period are 6 for Penguins vs 17 for Hurricanes.

2nd period


0:01 of 2nd period - David Legwand wins face-off versus Marty Havlat in neutral zone.
0:18 of 2nd period - Wrist shot by Nathan MacKinnon.
0:18 of 2nd period - Shot Blocked by Francois Beauchemin.
0:20 of 2nd period - Wrist shot by Dougie Hamilton.
0:20 of 2nd period - Shot Blocked by Adam Henrique.
0:22 of 2nd period - Slapshot by Grant Clitsome.
0:22 of 2nd period - Goal by Grant Clitsome - Penguins : 1 - Hurricanes : 0.
0:23 of 2nd period - Mark Arcobello wins face-off versus David Legwand in neutral zone.
0:26 of 2nd period - Wrist shot by Ray Whitney.
0:26 of 2nd period - Stopped by Mike Smith without a rebound.
0:27 of 2nd period - Mark Arcobello wins face-off versus Nathan MacKinnon in Penguins zone.
0:28 of 2nd period - Wrist shot by Mason Raymond.
0:28 of 2nd period - Stopped by Mike Smith without a rebound.
0:29 of 2nd period - David Legwand wins face-off versus Mark Arcobello in Penguins zone.
0:42 of 2nd period - Off-side.
0:43 of 2nd period - Mark Arcobello wins face-off versus David Legwand in neutral zone.
1:12 of 2nd period - Snap shot by Nathan MacKinnon.
1:12 of 2nd period - Shot Misses the Net.
1:14 of 2nd period - Slapshot by Grant Clitsome.
1:14 of 2nd period - Stopped by Martin Jones without a rebound.
1:15 of 2nd period - Adam Henrique wins face-off versus Mikael Granlund in Hurricanes zone.
1:25 of 2nd period - Aaron Ness is hit by Mark Giordano and loses puck.
1:36 of 2nd period - Wrist shot by Marian Gaborik.
1:36 of 2nd period - Shot Misses the Net.
1:44 of 2nd period - Wrist shot by Marian Gaborik.
1:44 of 2nd period - Stopped by Mike Smith without a rebound.
1:45 of 2nd period - Mike Fisher wins face-off versus Paul Gaustad in Penguins zone.
1:46 of 2nd period - Wrist shot by Jiri Hudler.
1:46 of 2nd period - Shot Blocked by Grant Clitsome.
1:48 of 2nd period - Snap shot by Thomas Hickey.
1:48 of 2nd period - Shot Hit the Post.
2:00 of 2nd period - Snap shot by Nail Yakupov.
2:00 of 2nd period - Shot Misses the Net.
2:39 of 2nd period - David Legwand is hit by Francois Beauchemin and loses puck.
2:58 of 2nd period - Off-side.
2:59 of 2nd period - Mikael Granlund wins face-off versus Mark Arcobello in neutral zone.
3:35 of 2nd period - Snap shot by Mikael Granlund.
3:35 of 2nd period - Shot Misses the Net.
3:37 of 2nd period - Slapshot by Mark Giordano.
3:37 of 2nd period - Stopped by Martin Jones without a rebound.
3:38 of 2nd period - David Legwand wins face-off versus Adam Henrique in Hurricanes zone.
4:31 of 2nd period - Nail Yakupov is hit by Viktor Stalberg and loses puck.
4:55 of 2nd period - Chris Kelly is hit by Viktor Stalberg and loses puck.
6:19 of 2nd period - Aaron Ness is hit by Marcus Foligno and loses puck.
7:00 of 2nd period - Wrist shot by Marian Gaborik.
7:00 of 2nd period - Deflect By Marty Havlat.
7:00 of 2nd period - Shot Misses the Net.
7:00 of 2nd period - Puck is out of play.
7:01 of 2nd period - Stephen Gionta wins face-off versus David Legwand in Penguins zone.
7:04 of 2nd period - Wrist shot by Viktor Stalberg.
7:04 of 2nd period - Shot Blocked by Grant Clitsome.
7:06 of 2nd period - Snap shot by Francois Beauchemin.
7:06 of 2nd period - Deflect By Chris Stewart.
7:06 of 2nd period - Stopped by Mike Smith with a rebound.
7:08 of 2nd period - Slapshot by Thomas Hickey.
7:08 of 2nd period - Stopped by Mike Smith with a rebound.
7:10 of 2nd period - Slapshot by Francois Beauchemin.
7:10 of 2nd period - Stopped by Mike Smith with a rebound.
7:12 of 2nd period - Slapshot by Francois Beauchemin.
7:12 of 2nd period - Shot Misses the Net.
7:56 of 2nd period - Anton Volchenkov is hit by Adam Henrique and loses puck.
8:05 of 2nd period - Slapshot by Jarome Iginla.
8:05 of 2nd period - Shot Misses the Net.
8:07 of 2nd period - Slapshot by Chris Butler.
8:07 of 2nd period - Stopped by Martin Jones without a rebound.
8:08 of 2nd period - Mike Fisher wins face-off versus Paul Gaustad in Hurricanes zone.
8:21 of 2nd period - Snap shot by Jiri Hudler.
8:21 of 2nd period - Shot Misses the Net.
8:23 of 2nd period - Slapshot by Robyn Regehr.
8:23 of 2nd period - Stopped by Mike Smith with a rebound.
8:29 of 2nd period - Slapshot by Radim Vrbata.
8:29 of 2nd period - Shot Misses the Net.
8:31 of 2nd period - Snap shot by Jiri Hudler.
8:31 of 2nd period - Stopped by Mike Smith with a rebound.
8:33 of 2nd period - Backhand shot by Aaron Ness.
8:33 of 2nd period - Shot Misses the Net.
8:58 of 2nd period - Fedor Tyutin is hit by Vladimir Tarasenko and loses puck.
9:15 of 2nd period - Snap shot by Mikael Granlund.
9:15 of 2nd period - Shot Misses the Net.
9:17 of 2nd period - Wrist shot by Mikael Granlund.
9:17 of 2nd period - Stopped by Martin Jones without a rebound.
9:18 of 2nd period - David Legwand wins face-off versus Adam Henrique in Hurricanes zone.
9:27 of 2nd period - Snap shot by David Legwand.
9:27 of 2nd period - Stopped by Martin Jones with a rebound.
9:47 of 2nd period - Wrist shot by David Legwand.
9:47 of 2nd period - Shot Misses the Net.
10:13 of 2nd period - Minor Penalty to Grant Clitsome for Hooking.
10:14 of 2nd period - Paul Gaustad wins face-off versus Mike Fisher in Penguins zone.
11:11 of 2nd period - Chris Butler is hit by Marian Gaborik and loses puck.
11:36 of 2nd period - Slapshot by Mark Giordano.
11:36 of 2nd period - Shot Blocked by Thomas Hickey.
11:54 of 2nd period - Mark Fraser is hit by Francois Beauchemin and loses puck.
12:13 of 2nd period - Penalty to Grant Clitsome is over, Grant Clitsome is back on ice.
12:18 of 2nd period - Wrist shot by Radim Vrbata.
12:18 of 2nd period - Shot Misses the Net.
12:20 of 2nd period - Backhand shot by Robyn Regehr.
12:20 of 2nd period - Deflect By Mike Fisher.
12:20 of 2nd period - Shot Misses the Net.
12:20 of 2nd period - Puck is out of play.
12:21 of 2nd period - Nate Thompson wins face-off versus Mike Fisher in Penguins zone.
12:40 of 2nd period - Slapshot by Dougie Hamilton.
12:40 of 2nd period - Shot Misses the Net.
12:42 of 2nd period - Backhand shot by Luke Glendening.
12:42 of 2nd period - Stopped by Martin Jones with a rebound.
12:44 of 2nd period - Slapshot by Dougie Hamilton.
12:44 of 2nd period - Shot Misses the Net.
12:46 of 2nd period - Snap shot by Marcus Foligno.
12:46 of 2nd period - Shot Misses the Net.
12:48 of 2nd period - Backhand shot by Nate Thompson.
12:48 of 2nd period - Shot Misses the Net.
12:50 of 2nd period - Backhand shot by Dougie Hamilton.
12:50 of 2nd period - Shot Blocked by Ray Whitney.
12:58 of 2nd period - Snap shot by Luke Glendening.
12:58 of 2nd period - Shot Misses the Net.
13:21 of 2nd period - Mark Arcobello is hit by David Legwand and loses puck.
13:28 of 2nd period - Slapshot by Nathan MacKinnon.
13:28 of 2nd period - Shot Misses the Net.
14:10 of 2nd period - Snap shot by Nail Yakupov.
14:10 of 2nd period - Shot Blocked by Aaron Ness.
14:12 of 2nd period - Slapshot by Mark Giordano.
14:12 of 2nd period - Stopped by Martin Jones without a rebound.
14:13 of 2nd period - Paul Gaustad wins face-off versus Stephen Gionta in Hurricanes zone.
14:14 of 2nd period - Wrist shot by Nail Yakupov.
14:14 of 2nd period - Stopped by Martin Jones with a rebound.
14:24 of 2nd period - Slapshot by Nail Yakupov.
14:24 of 2nd period - Shot Blocked by Fedor Tyutin.
14:30 of 2nd period - Snap shot by Nail Yakupov.
14:30 of 2nd period - Stopped by Martin Jones with a rebound.
14:32 of 2nd period - Slapshot by Anton Volchenkov.
14:32 of 2nd period - Shot Blocked by Stephen Gionta.
14:34 of 2nd period - Slapshot by Mark Giordano.
14:34 of 2nd period - Shot Blocked by Brendan Smith.
15:36 of 2nd period - Slapshot by Marian Gaborik.
15:36 of 2nd period - Stopped by Mike Smith with a rebound.
16:06 of 2nd period - Slapshot by Mikael Granlund.
16:06 of 2nd period - Shot Blocked by Brendan Smith.
16:20 of 2nd period - Snap shot by Mikael Granlund.
16:20 of 2nd period - Deflect By Fedor Tyutin.
16:20 of 2nd period - Shot Blocked by Brendan Smith.
16:20 of 2nd period - Puck is out of play.
16:21 of 2nd period - Stephen Gionta wins face-off versus Nail Yakupov in Hurricanes zone.
16:35 of 2nd period - Backhand shot by Chris Butler.
16:35 of 2nd period - Stopped by Martin Jones with a rebound.
16:53 of 2nd period - Chris Butler is hit by Francois Beauchemin and loses puck.
17:34 of 2nd period - Dougie Hamilton is hit by Robyn Regehr.
17:39 of 2nd period - Off-side.
17:40 of 2nd period - David Legwand wins face-off versus Mark Arcobello in neutral zone.
17:55 of 2nd period - Wrist shot by David Legwand.
17:55 of 2nd period - Stopped by Martin Jones with a rebound.
17:57 of 2nd period - Wrist shot by Mark Giordano.
17:57 of 2nd period - Shot Blocked by Fedor Tyutin.
17:59 of 2nd period - Snap shot by David Legwand.
17:59 of 2nd period - Goal by David Legwand - Penguins : 2 - Hurricanes : 0.
18:00 of 2nd period - Mike Fisher wins face-off versus Chris Stewart in neutral zone.
18:49 of 2nd period - Wrist shot by Adam Henrique.
18:49 of 2nd period - Shot Misses the Net.
18:51 of 2nd period - Slapshot by Thomas Hickey.
18:51 of 2nd period - Goal by Thomas Hickey - Penguins : 2 - Hurricanes : 1.
18:52 of 2nd period - Mikael Granlund wins face-off versus Adam Henrique in neutral zone.
19:38 of 2nd period - Icing by Fedor Tyutin.
19:39 of 2nd period - Paul Gaustad wins face-off versus Stephen Gionta in Hurricanes zone.
Goals for this period are 2 for Penguins vs 1 for Hurricanes.
Shots for this period are 13 for Penguins vs 10 for Hurricanes.

3rd period


0:01 of 3rd period - Mike Fisher wins face-off versus Chris Stewart in neutral zone.
0:06 of 3rd period - Wrist shot by Jiri Hudler.
0:06 of 3rd period - Stopped by Mike Smith with a rebound.
0:08 of 3rd period - Slapshot by Francois Beauchemin.
0:08 of 3rd period - Shot Hit the Post.
0:10 of 3rd period - Slapshot by Francois Beauchemin.
0:10 of 3rd period - Shot Misses the Net.
0:12 of 3rd period - Wrist shot by Mike Fisher.
0:12 of 3rd period - Stopped by Mike Smith without a rebound.
0:13 of 3rd period - David Legwand wins face-off versus Mike Fisher in Penguins zone.
0:20 of 3rd period - Slapshot by Mark Giordano.
0:20 of 3rd period - Shot Blocked by Thomas Hickey.
0:32 of 3rd period - Snap shot by Nathan MacKinnon.
0:32 of 3rd period - Stopped by Martin Jones with a rebound.
0:59 of 3rd period - Off-side.
1:00 of 3rd period - Mikael Granlund wins face-off versus Marian Gaborik in neutral zone.
1:19 of 3rd period - Snap shot by Mikael Granlund.
1:19 of 3rd period - Stopped by Martin Jones with a rebound.
1:29 of 3rd period - Snap shot by Marian Gaborik.
1:29 of 3rd period - Stopped by Mike Smith without a rebound.
1:30 of 3rd period - Mark Arcobello wins face-off versus Paul Gaustad in Penguins zone.
2:05 of 3rd period - Wrist shot by Ray Whitney.
2:05 of 3rd period - Stopped by Mike Smith with a rebound.
2:13 of 3rd period - Minor Penalty to Mark Fraser for Delaying the game.
2:14 of 3rd period - Adam Henrique wins face-off versus Jarome Iginla in Penguins zone.
2:57 of 3rd period - Slapshot by Mark Giordano.
2:57 of 3rd period - Shot Blocked by Marty Havlat.
3:34 of 3rd period - Mark Giordano is hit by Mike Fisher and loses puck.
4:13 of 3rd period - Penalty to Mark Fraser is over, Mark Fraser is back on ice.
4:35 of 3rd period - Stephen Gionta is hit by Mark Giordano and loses puck.
5:00 of 3rd period - Slapshot by Chris Butler.
5:00 of 3rd period - Stopped by Martin Jones without a rebound.
5:01 of 3rd period - Mark Arcobello wins face-off versus Nate Thompson in Hurricanes zone.
5:12 of 3rd period - Slapshot by Ray Whitney.
5:12 of 3rd period - Stopped by Mike Smith with a rebound.
6:04 of 3rd period - Chris Butler is hit by Fedor Tyutin.
7:22 of 3rd period - Aaron Ness is hit by Grant Clitsome and loses puck.
7:35 of 3rd period - Slapshot by Nail Yakupov.
7:35 of 3rd period - Goal by Nail Yakupov - Penguins : 3 - Hurricanes : 1.
7:36 of 3rd period - Mike Fisher wins face-off versus David Legwand in neutral zone.
7:47 of 3rd period - Wrist shot by Mike Fisher.
7:47 of 3rd period - Stopped by Mike Smith without a rebound.
7:48 of 3rd period - David Legwand wins face-off versus Mike Fisher in Penguins zone.
8:01 of 3rd period - Snap shot by Nathan MacKinnon.
8:01 of 3rd period - Shot Misses the Net.
8:03 of 3rd period - Slapshot by Mark Giordano.
8:03 of 3rd period - Shot Misses the Net.
8:05 of 3rd period - Snap shot by Anton Volchenkov.
8:05 of 3rd period - Stopped by Martin Jones with a rebound.
8:07 of 3rd period - Slapshot by Anton Volchenkov.
8:07 of 3rd period - Stopped by Martin Jones with a rebound.
8:09 of 3rd period - Slapshot by Anton Volchenkov.
8:09 of 3rd period - Deflect By Fedor Tyutin.
8:09 of 3rd period - Stopped by Martin Jones with a rebound.
8:11 of 3rd period - Slapshot by Mark Giordano.
8:11 of 3rd period - Shot Blocked by Jiri Hudler.
8:13 of 3rd period - Slapshot by Mark Giordano.
8:13 of 3rd period - Shot Misses the Net.
8:33 of 3rd period - Adam Henrique is hit by Nathan MacKinnon and loses puck.
8:44 of 3rd period - Paul Gaustad is hit by Marian Gaborik and loses puck.
8:51 of 3rd period - Slapshot by Chris Butler.
8:51 of 3rd period - Stopped by Martin Jones with a rebound.
8:53 of 3rd period - Snap shot by Paul Gaustad.
8:53 of 3rd period - Stopped by Martin Jones with a rebound.
8:55 of 3rd period - Snap shot by Paul Gaustad.
8:55 of 3rd period - Stopped by Martin Jones with a rebound.
8:57 of 3rd period - Slapshot by Grant Clitsome.
8:57 of 3rd period - Stopped by Martin Jones with a rebound.
8:59 of 3rd period - Snap shot by Paul Gaustad.
8:59 of 3rd period - Shot Blocked by Adam Henrique.
9:01 of 3rd period - Backhand shot by Paul Gaustad.
9:01 of 3rd period - Stopped by Martin Jones with a rebound.
9:32 of 3rd period - Wrist shot by Jarome Iginla.
9:32 of 3rd period - Shot Blocked by Brendan Smith.
9:51 of 3rd period - Icing by Francois Beauchemin.
9:52 of 3rd period - Nate Thompson wins face-off versus Mark Arcobello in Hurricanes zone.
10:19 of 3rd period - Slapshot by Marcus Foligno.
10:19 of 3rd period - Stopped by Martin Jones with a rebound.
10:21 of 3rd period - Snap shot by Chris Butler.
10:21 of 3rd period - Shot Misses the Net.
10:23 of 3rd period - Wrist shot by Luke Glendening.
10:23 of 3rd period - Shot Misses the Net.
10:25 of 3rd period - Slapshot by Chris Butler.
10:25 of 3rd period - Shot Blocked by Thomas Hickey.
10:39 of 3rd period - Mikael Granlund is hit by Francois Beauchemin.
11:09 of 3rd period - Aaron Ness is hit by Paul Gaustad.
12:16 of 3rd period - Off-side.
12:17 of 3rd period - David Legwand wins face-off versus Mark Arcobello in neutral zone.
12:24 of 3rd period - Wrist shot by David Legwand.
12:24 of 3rd period - Shot Misses the Net.
12:52 of 3rd period - David Legwand is hit by Adam Henrique and loses puck.
13:19 of 3rd period - Adam Henrique is hit by Dougie Hamilton and loses puck.
14:24 of 3rd period - Aaron Ness is hit by Mark Giordano and loses puck.
14:31 of 3rd period - Slapshot by Marcus Foligno.
14:31 of 3rd period - Shot Blocked by Robyn Regehr.
14:33 of 3rd period - Slapshot by Mark Giordano.
14:33 of 3rd period - Stopped by Martin Jones with a rebound.
14:35 of 3rd period - Slapshot by Anton Volchenkov.
14:35 of 3rd period - Stopped by Martin Jones with a rebound.
14:37 of 3rd period - Snap shot by Nate Thompson.
14:37 of 3rd period - Deflect By Marcus Foligno.
14:37 of 3rd period - Shot Blocked by Brian Flynn.
14:37 of 3rd period - Puck is out of play.
14:38 of 3rd period - Mark Arcobello wins face-off versus Chris Kelly in Hurricanes zone.
14:45 of 3rd period - Snap shot by Ray Whitney.
14:45 of 3rd period - Shot Blocked by Mark Giordano.
14:47 of 3rd period - Slapshot by Brendan Smith.
14:47 of 3rd period - Shot Blocked by Mark Giordano.
15:04 of 3rd period - Wrist shot by Ray Whitney.
15:04 of 3rd period - Shot Misses the Net.
15:06 of 3rd period - Slapshot by Fedor Tyutin.
15:06 of 3rd period - Shot Misses the Net.
15:26 of 3rd period - Dougie Hamilton is hit by Brendan Smith and loses puck.
15:43 of 3rd period - Off-side.
15:44 of 3rd period - Mike Fisher wins face-off versus Nate Thompson in neutral zone.
15:49 of 3rd period - Mark Fraser is hit by Francois Beauchemin and loses puck.
15:56 of 3rd period - Snap shot by Mike Fisher.
15:56 of 3rd period - Deflect By Chris Butler.
15:56 of 3rd period - Shot Blocked by Chris Butler.
15:56 of 3rd period - Puck is out of play.
15:57 of 3rd period - Nate Thompson wins face-off versus Mike Fisher in Penguins zone.
16:10 of 3rd period - Wrist shot by Jiri Hudler.
16:10 of 3rd period - Deflect By Mike Fisher.
16:10 of 3rd period - Stopped by Mike Smith without a rebound.
16:11 of 3rd period - Stephen Gionta wins face-off versus David Legwand in Penguins zone.
16:16 of 3rd period - Snap shot by Stephen Gionta.
16:16 of 3rd period - Deflect By Brian Flynn.
16:16 of 3rd period - Stopped by Mike Smith with a rebound.
16:18 of 3rd period - Slapshot by Aaron Ness.
16:18 of 3rd period - Shot Misses the Net.
16:20 of 3rd period - Slapshot by Aaron Ness.
16:20 of 3rd period - Shot Hit the Post.
17:03 of 3rd period - Anton Volchenkov is hit by Adam Henrique and loses puck.
17:19 of 3rd period - Slapshot by Mikael Granlund.
17:19 of 3rd period - Stopped by Martin Jones with a rebound.
18:04 of 3rd period - Brendan Smith is hit by Paul Gaustad and loses puck.
18:33 of 3rd period - Ray Whitney is hit by Marcus Foligno and loses puck.
18:42 of 3rd period - Slapshot by Fedor Tyutin.
18:42 of 3rd period - Shot Misses the Net.
18:44 of 3rd period - Snap shot by Brendan Smith.
18:44 of 3rd period - Stopped by Mike Smith with a rebound.
19:43 of 3rd period - Anton Volchenkov is hit by Viktor Stalberg and loses puck.
Goals for this period are 1 for Penguins vs 0 for Hurricanes.
Shots for this period are 16 for Penguins vs 9 for Hurricanes.


Output by the SimonT Hockey Simulator (STHS) for Eric Dolegowski -- Original Page W3C XHTML 1.0 Valid
Hockey Simulator - Hockey Simulation - Hockey Manager